 Dungeon Crawl Stone Soup version 0.31-a0-867-g9b2fd80f0c (webtiles) character file.

Game seed: 1559277641142578893

102 BinkBink the Chopper (level 4, 0/41 HPs)
             Began as a Minotaur Berserker on Oct 11, 2023.
             Was a Believer of Trog.
             Slain by Blork the orc
             ... wielding a +0 flail
              (7 damage)
             ... on level 4 of the Dungeon.
             The game lasted 00:02:27 (2346 turns).

BinkBink the Chopper (Minotaur Berserker)           Turns: 2346, Time: 00:02:28

Health: 0/41       AC:  2    Str: 21    XL:     4   Next: 49%
Magic:  3/3        EV: 12    Int:  4    God:    Trog [**....]
Gold:   107        SH:  0    Dex: 12    Spells: 3/3 levels left

rFire   . . .        a - +0 hand axe
rCold   . . .        (no shield)
rNeg    . . .        b - +0 animal skin
rPois   .            (helmet restricted)
rElec   .            (no cloak)
rCorr   .            (no gloves)
SInv    .            (no boots)
Will    .....        (no amulet)
Stlth   +            (no ring)
HPRegen 0.26/turn    (no ring)
MPRegen 0.08/turn

%: no passive effects
@: no status effects
A: horns 2, retaliatory headbutt
a: Renounce Religion, Berserk, Trog's Hand


You were on level 4 of the Dungeon.
You worshipped Trog.
Trog was pleased with you.
You visited 1 branch of the dungeon, and saw 4 of its levels.

You collected 121 gold pieces.
You spent 14 gold pieces at shops.

Inventory:

Hand Weapons
 a - a +0 hand axe (weapon)
Armour
 b - a +0 animal skin (worn)
Scrolls
 c - a scroll of amnesia {unknown}
 d - 5 scrolls of identify {unknown}
 e - 2 scrolls of fear {unknown}
 g - a scroll of enchant armour {unknown}
 h - a scroll of teleportation {unknown}
 k - a scroll of revelation {unknown}
 l - a scroll of poison {unknown}
 m - a scroll of enchant weapon {unknown}
 n - a scroll of acquirement {unknown}
Potions
 f - a potion of might {unknown}
 i - a potion of magic {unknown}
 j - a potion of attraction {unknown}
 o - a potion of mutation {unknown}


   Skills:
 + Level 4.7 Fighting
 * Level 5.6 Axes
 - Level 2.4 Armour
 - Level 2.2 Dodging


You had 3 spell levels left.
You didn't know any spells.
Your spell library was empty.

Dungeon Overview and Level Annotations

Branches:
Dungeon (4/15)
 Temple: D:4-7

Altars:

Shops:
D:2 *   D:3 [

Annotations:
D:4 Blork the orc


Innate Abilities, Weirdness & Mutations

You have a pair of horns on your head.
You reflexively headbutt those who attack you in melee.


Message History

Partly explored, can't reach some places.
Partly explored, can't reach some places.
There is a stone staircase leading down here.
You climb downwards.
Found a ring mail.
There is a stone staircase leading up here.
There is a stone staircase leading up here.
You now have 77 gold pieces (gained 6).
You hear a distant slurping noise.
You now have 93 gold pieces (gained 16).
You now have enough gold to buy a scroll of enchant weapon on D:2.
You can access your shopping list by pressing '$'.
You now have 107 gold pieces (gained 14).
You open the door.
Blork the orc comes into view.
He is wielding a +0 flail.
Found a flux talisman.
Blork the orc is nearby!
Blork the orc is nearby!
Blork the orc shouts!
Blork the orc points at you and mumbles some strange words.
The magic dart hits you.
There is an open door here.
You barely miss Blork the orc. Your headbutt misses Blork the orc.
Blork the orc hits you with a +0 flail!
You hit Blork the orc.
Blork the orc is lightly wounded.
Blork the orc hits you with a +0 flail!
You are too injured to fight recklessly!
You barely miss Blork the orc. Your headbutt misses Blork the orc.
Blork the orc is lightly wounded.
Blork the orc points at you and mumbles some strange words.
The puff of frost hits you!
* * * LOW HITPOINT WARNING * * *
You slash Blork the orc! You headbutt Blork the orc.
Blork the orc is heavily wounded.
Blork the orc barely misses you.
You slash Blork the orc!
Blork the orc is severely wounded.
Blork the orc hits you with a +0 flail!
You die...

#.############
#............#
...........%.#
.............#
.............#
.............#
........o....# #@#
##############.#######
#.........#..........#
#.#.......#..........#
#.#.####..#..........#
###.#.#.....#.##########
....#.#.#...#.#
.####.#.#...#.#
......#.....#.#


You could see Blork the orc.

Vanquished Creatures
  5 adders
  A worm (D:2)
  A dart slug (D:3)
  4 orcs (D:3)
  5 endoplasms (D:1)
  A giant cockroach (D:1)
  3 goblins
  4 hobgoblins
  4 jackals (D:3)
  A kobold (D:1)
  4 quokkas
  4 ball pythons
  3 bats
  3 frilled lizards
  4 rats
47 creatures vanquished.

Notes
Turn   | Place    | Note
-------+----------+-------------------------------------------
     0 | D:1      | BinkBink the Minotaur Berserker began the quest for the
                  | Orb.
     0 | D:1      | Reached XP level 1. HP: 19/19 MP: 0/0
   159 | D:1      | Reached skill level 4 in Axes
   161 | D:1      | Reached XP level 2. HP: 26/27 MP: 1/1
   778 | D:2      | Found Qado's General Store.
   787 | D:2      | Bought a potion of degeneration for 14 gold pieces
  1133 | D:2      | Reached XP level 3. HP: 33/33 MP: 2/2
  1156 | D:2      | Reached ** piety under Trog
  1361 | D:2      | Reached skill level 5 in Axes
  1590 | D:3      | Reached XP level 4. HP: 40/41 MP: 3/3
  2064 | D:3      | Found Ereiwkod's Antique Armour Shop.
  2340 | D:4      | Noticed Blork the orc
  2346 | D:4      | Slain by Blork the orc

Illustrated notes

Levels and vault maps discovered:
D:1:      dpeg_arrival_rooms_with_view, layout_loops_ring
D:2:      layout_loops_cross, serial_shops, nicolae_shop_stone
D:3:      layout_rooms, serial_shops, shop, serial_bayou_lagoon_b
D:4:      layout_basic, minmay_temple_entry_junction_2,
          gammafunk_ghost_nasty_kobolds, uniq_blork_the_orc

Skill      XL: |  1  2  3 |
---------------+----------+-----
Axes           | 4 5 |  5.6
Fighting       | 4 |  4.7
Armour         | |  2.4
Dodging        | |  2.2

Action                     |  1- 3 |  4- 6 || total
---------------------------+-------+-------++-------
  Melee: Hand axe          |    86 |    39 ||   125
         Headbutt          |     5 |     4 ||     9
         Punch             |     1 |     1 ||     2
   Stab: Distracted        |     1 |       ||     1
 Armour: Animal skin       |    58 |    22 ||    80
  Dodge: Dodged            |    53 |    19 ||    72

Table legend: (Time is in decaauts)
 A = Elapsed time spent in this place.
 B = Non-inter-level travel time spent in this place.
 C = Inter-level travel time spent in this place.
 D = Time resting spent in this place.
 E = Time spent auto-exploring this place.
 F = Levels seen in this place.
 G = Mean time per level.
                   A        B        C        D        E       F      G
               +--------+--------+--------+--------+--------+-----+--------+
         Total |   2369 |   2279 |     90 |    196 |   1770 |   4 |  592.2 |
       Dungeon |   2369 |   2279 |     90 |    196 |   1770 |   4 |  592.2 |
               +--------+--------+--------+--------+--------+-----+--------+

Top non-repeatable levels by time:
     D:3: 853 daAuts
     D:1: 781 daAuts
     D:2: 631 daAuts
     D:4: 103 daAuts
